 Dungeon Crawl Stone Soup version 0.23-a0-636-g0ff6057 (webtiles) character file.

1163 Trollballs the Grappler (level 8, -6/70 HPs)
             Began as a Troll Monk on Dec 28, 2018.
             Was a Believer of Hepliaklqana.
             Killed from afar by a gargoyle (22 damage)
             ... with a stone arrow
             ... on level 6 of the Dungeon.
             The game lasted 00:07:55 (3081 turns).

Trollballs the Grappler (Troll Monk)                Turns: 3081, Time: 00:07:56

Health: -6/70      AC:  9    Str: 20    XL:     8   Next: 17%
Magic:  16/16      EV: 15    Int:  8    God:    Hepliaklqana [**....]
Gold:   286        SH:  0    Dex: 17    Spells: 7/7 levels left

rFire    . . .     SeeInvis .     - Unarmed
rCold    . . .     Gourm    +   (no shield)
rNeg     . . .     Faith    .   v - +0 troll leather armour {Purgy}
rPois    +         Spirit   .   m - +1 hat
rElec    .         Reflect  .   f - +0 cloak
rCorr    .         Harm     .   (gloves unavailable)
MR       .....                  (boots unavailable)
Stlth    +++.......             (no amulet)
HPRegen  1.01/turn              d - ring of magical power
MPRegen  0.15/turn              s - ring of poison resistance

@: agile, lethally poisoned (-6 -> -6)
A: large, unfitting armour, reduced essence, claws 3, fast metabolism 3,
gourmand, regeneration 1, shaggy fur 1, tough skin 2
a: Recall Ancestor, Ancestor Identity, Renounce Religion


You were on level 6 of the Dungeon.
You worshipped Hepliaklqana.
Hepliaklqana was pleased with you.
You were very full.

You visited 1 branch of the dungeon, and saw 6 of its levels.

You collected 286 gold pieces.

Inventory:

Hand Weapons
 q - a +2 quarterstaff of chaos
Missiles
 t - 2 tomahawks (quivered)
 u - 5 javelins
Armour
 a - a +0 robe
 f - a +0 cloak (worn)
 m - a +1 hat (worn)
 v - a +0 troll leather armour (worn) {Purgy}
Jewellery
 d - a ring of magical power (left claw)
 s - a ring of poison resistance (right claw)
Wands
 w - a wand of polymorph (8)
Scrolls
 e - 2 scrolls of enchant weapon {unknown}
 g - 3 scrolls of teleportation {unknown}
 i - 2 scrolls of enchant armour {unknown}
 j - 4 scrolls of remove curse {unknown}
 k - a scroll of blinking {unknown}
 l - a scroll of fog {unknown}
 p - a scroll of fear {unknown}
 r - a scroll of identify {unknown}
Potions
 c - a potion of agility
 h - a potion of berserk rage {unknown}
 o - a potion of cancellation
 x - a potion of curing {unknown}
Comestibles
 b - 8 rations
 n - a chunk of flesh


   Skills:
 + Level 3.9 Fighting
 * Level 3.4 Armour
 - Level 2.4 Dodging
 - Level 1.0 Stealth
 + Level 8.4 Unarmed Combat


You had 7 spell levels left.
You didn't know any spells.
Your spell library was empty.

Dungeon Overview and Level Annotations

Branches:
Dungeon (6/15)
 Temple: D:4-7

Altars:
Hepliaklqana
Okawaru


Innate Abilities, Weirdness & Mutations

You are too large for most types of armour.
You have claws for hands.
Your metabolism is lightning-fast.
You like to eat raw meat.
Your natural rate of healing is unusually fast.
You are covered in fur. (AC +1)
You have very tough skin. (AC +2)
Your life essence is reduced to manifest your ancestor. (-10% HP)


Message History

The shadow imp resists with significant effort.
The gargoyle barely misses Xolani.
What are your orders? t - Shout!
Orders for allies: a - Attack new target. r - Retreat! s - Stop attacking. g - Guard the area. f - Follow me.
Anything else - Cancel.
Gang up on whom?
Press: ? - help, Dir - move target cursor, f - gargoyle
Aim: a gargoyle, wielding a +0 flail (moderately damaged) Attack!
The gargoyle hits Xolani with a +0 flail!!
You feel sick.
Xolani completely misses the gargoyle.
The gargoyle hurls a stone arrow at you.
The stone arrow hits Xolani.
Xolani is destroyed!
The gargoyle hurls a stone arrow at you.
The stone arrow hits you!
You die...

. ####### #..
##.....##....
##............
#.............
#.............
#<.@...9......
#.............
#..5..........
#.............
##............
##.....#.....
#######.#### .


You could see a gargoyle and a shadow imp (confused).

Vanquished Creatures
  A phantom (D:5)
  Purgy (D:4)
  The ghost of wazuzu the Ogre Mage, an amateur OgWz (D:3)
  A centaur (D:5)
  A scorpion (D:6)
  2 crimson imps (D:5)
  4 orc wizards (D:4)
  Crazy Yiuf (D:2)
  An iguana (D:4)
  2 worker ants
  5 adders
  2 gnolls (D:3)
  An ooze (D:3)
  An adder zombie (D:5)
  A dart slug (D:2)
  2 leopard geckos (D:2)
  6 orcs
  7 bats
  7 giant cockroaches
  7 goblins
  4 hobgoblins
  6 jackals (D:3)
  7 kobolds
  3 ball pythons
  3 frilled lizards
  A jackal skeleton (D:5)
  10 rats
88 creatures vanquished.

Vanquished Creatures (collateral kills)
  Edmund (D:4)
  A black bear (D:5)
  An ice beast (D:4)
  A centaur zombie (D:5)
  A worm (D:3)
  3 orcs
  A hobgoblin (D:3)
  A kobold (D:3)
  A rat (D:3)
11 creatures vanquished.

Vanquished Creatures (others)
  A hexer (D:6)
1 creature vanquished.

Grand Total: 100 creatures vanquished

Notes
Turn   | Place    | Note
-------+----------+-------------------------------------------
     0 | D:1      | Trollballs the Troll Monk began the quest for the Orb.
     0 | D:1      | Reached XP level 1. HP: 22/22 MP: 0/0
   145 | D:1      | Reached XP level 2. HP: 29/29 MP: 1/1
   696 | D:2      | Reached XP level 3. HP: 36/36 MP: 2/2
   715 | D:2      | Reached skill level 1 in Armour
  1311 | D:2      | Reached XP level 4. HP: 45/45 MP: 3/3
  1451 | D:2      | Found a runed door.
  1455 | D:2      | Noticed Crazy Yiuf
  1462 | D:2      | Killed Crazy Yiuf
  1462 | D:2      | Reached skill level 4 in Unarmed Combat
  1595 | D:3      | Found a hazy altar of Hepliaklqana.
  1612 | D:3      | Became a worshipper of Hepliaklqana the Forgotten
  1612 | D:3      | Reached * piety under Hepliaklqana
  1612 | D:3      | Reached ** piety under Hepliaklqana
  1613 | D:3      | Remembered your ancestor Xolani as a hexer
  1746 | D:3      | Found an iron altar of Okawaru.
  1753 | D:3      | Reached XP level 5. HP: 42/47 MP: 4/4
  2064 | D:3      | Found a runed door.
  2067 | D:3      | Noticed wazuzu's ghost (amateur OgWz)
  2096 | D:3      | Killed wazuzu's ghost
  2096 | D:3      | Reached skill level 5 in Unarmed Combat
  2145 | D:4      | Reached XP level 6. HP: 54/54 MP: 5/5
  2244 | D:4      | Noticed Purgy
  2259 | D:4      | Killed Purgy
  2259 | D:4      | Reached skill level 6 in Unarmed Combat
  2296 | D:4      | Noticed an ice beast
  2298 | D:4      | Noticed Edmund
  2301 | D:4      | Killed an ice beast
  2318 | D:4      | Reached XP level 7. HP: 52/60 MP: 6/6
  2318 | D:4      | Killed Edmund
  2378 | D:4      | Reached skill level 7 in Unarmed Combat
  2422 | D:5      | Entered Level 5 of the Dungeon
  2603 | D:5      | Reached skill level 8 in Unarmed Combat
  2613 | D:5      | Reached XP level 8. HP: 47/70 MP: 7/7
  3056 | D:6      | Noticed a gargoyle
  3081 | D:6      | Killed from afar by a gargoyle

Vault maps used:
D:1:      dpeg_arrival_water_altar
D:2:      minmay_misc_feat_more_columns, minmay_misc_feat_plants, fountainhead,
          minmay_split_cup_large, uniq_crazy_yiuf_cottage
D:3:      lemuel_doored_altar, gammafunk_ghost_grave, okawaru_altar_gauntlet_db
D:4:      uniq_edmund, uniq_pikel, uniq_purgy
D:5:      first_ration
D:6:      minitemple, vehumet_altar_wand_db, uniq_blork_the_orc, uniq_menkaure

Skill      XL: |  1  2  3  4  5  6  7 |
---------------+----------------------+-----
Armour         | 1 2 3 |  3.4
Fighting       | 3 |  3.9
Unarmed Combat | 4 5 6 8 |  8.4
Dodging        | |  2.4
Stealth        | |  1.0

Action                   |  1- 3 |  4- 6 |  7- 9 || total
-------------------------+-------+-------+-------++-------
Melee: Unarmed           |    71 |   128 |    68 ||   267
       Punch             |       |     3 |     3 ||     6
Invok: Ancestor Life: He |       |     1 |       ||     1
  Use: Potion            |       |     2 |     1 ||     3
 Stab: Sleeping          |     3 |     2 |     3 ||     8
  Eat: Chunk             |    17 |     9 |     7 ||    33
Armor: Robe              |    31 |    59 |       ||    90
       Troll leather arm |       |     9 |    20 ||    29
Dodge: Dodged            |    41 |    75 |    23 ||   139

Table legend:
 A = Non-vault XP
 B = Vault XP
 C = Vault XP percentage of total XP
 D = Non-vault monster count
 E = Vault monster count
 F = Vault count percentage of total count
                 A         B        C        D         E       F
            +---------+---------+-------+---------+---------+-------
      Total |    1166 |     496 |  29.8 |      85 |      14 |  14.1
            +---------+---------+-------+---------+---------+-------
        D:1 |      26 |       0 |   0.0 |      15 |       0 |   0.0
        D:2 |      72 |      47 |  39.5 |      21 |       5 |  19.2
        D:3 |      64 |     160 |  71.4 |      25 |       7 |  21.9
        D:4 |     359 |     289 |  44.6 |       9 |       2 |  18.2
        D:5 |     573 |       0 |   0.0 |      14 |       0 |   0.0
        D:6 |      72 |       0 |   0.0 |       1 |       0 |   0.0
            +---------+---------+-------+---------+---------+-------
